 Dungeon Crawl Stone Soup version 0.29-a0-214-g17f627cfee (webtiles) character file.

Game seed: 3093403726192085802

5177 hoogis the Quickloader (level 10, -1/57 HPs)
             Began as a Kobold Hunter on Feb 23, 2022.
             Was a Priest of Hepliaklqana.
             Engulfed by a steam dragon's steam (6 damage)
             ... on level 9 of the Dungeon on Feb 24, 2022.
             The game lasted 01:42:12 (8998 turns).

hoogis the Quickloader (Kobold Hunter)              Turns: 8998, Time: 01:42:13

Health: -1/57      AC: 16    Str: 13    XL:     10   Next: 90%
Magic:  18/20      EV: 17    Int: 19    God:    Hepliaklqana [***...]
Gold:   458        SH:  0    Dex: 24    Spells: 17/22 levels left

rFire   . . .      SeeInvis .   g - +6 trident (holy)
rCold   . . .      Faith    .   (shield currently unavailable)
rNeg    . . .      Spirit   .   w - +4 ring mail "Baptuis" {Drain rElec Int+2 Dex+3}
rPois   .          Reflect  .   n - +1 helmet
rElec   +          Harm     .   s - +1 cloak {Will+}
rCorr   .          Rampage  .   G - +0 pair of gloves
Will    +++..                   (no boots)
Stlth   +++.......              d - amulet of regeneration
HPRegen 0.99/turn               x - ring of willpower
MPRegen 0.17/turn               u - ring "Wobour" {Will+ Int+3 Dex+6}

@: flying
A: reduced essence, small, no large weapons, nightstalker 3
a: Renounce Religion, Recall Ancestor, Ancestor Identity, Transference


You were on level 9 of the Dungeon.
You worshipped Hepliaklqana.
Hepliaklqana was most pleased with you.
You visited 2 branches of the dungeon, and saw 10 of its levels.

You collected 458 gold pieces.

Inventory:

Hand Weapons
 a - a +2 hand crossbow
 g - a +6 trident of holy wrath (weapon)
 l - a +0 scythe of venom
 m - a +0 short sword
 r - a +2 quarterstaff of chaos
 v - a +0 hand crossbow
Armour
 b - a +0 leather armour
 h - a +0 leather armour
 j - a +0 leather armour
 k - a +0 robe
 n - a +1 helmet (worn)
 s - a +1 cloak of willpower (worn)
 w - the +4 ring mail "Baptuis" (worn) {Drain rElec Int+2 Dex+3}
   (You found it on level 5 of the Dungeon)

   Int:       It affects your intelligence (+2).
   Dex:       It affects your dexterity (+3).
   rElec:     It insulates you from electricity.
   Drain:     It drains your maximum health when unequipped.
 B - a +1 ring mail of positive energy
 E - +0 acid dragon scales
 G - a +0 pair of gloves (worn)
Jewellery
 d - an amulet of regeneration (around neck)
 u - the ring "Wobour" (right hand) {Will+ Int+3 Dex+6}
   (You found it on level 6 of the Dungeon)

   [ring of dexterity]

   Int:       It affects your intelligence (+3).
   Dex:       It affects your dexterity (+6).
   Will:      It increases your willpower.
 x - a ring of willpower (left hand)
Wands
 c - a wand of flame (23)
 q - a wand of charming (5)
Scrolls
 e - 2 scrolls of amnesia
 y - a scroll of silence
Potions
 f - a potion of magic
 i - 2 potions of degeneration
 o - a potion of brilliance
 p - 2 potions of resistance
 t - a potion of flight
 z - a potion of attraction
 A - 2 potions of curing
 C - 2 potions of lignification


   Skills:
 + Level 7.7 Fighting
 + Level 2.4 Short Blades
 + Level 3.7 Polearms
 - Level 10.0 Crossbows
 + Level 5.7 Armour
 + Level 5.2 Dodging
 + Level 4.0 Stealth
 * Level 6.8 Spellcasting
 + Level 1.4 Invocations
 + Level 0.5 Evocations


You had 17 spell levels left.
You knew the following spells:

 Your Spells              Type           Power      Damage    Failure   Level
a - Teleport Other        Tloc           6%         N/A       52%         3
b - Summon Small Mammal   Summ           24%        N/A       21%         1
c - Beastly Appendage     Tmut           12%        N/A       21%         1

Your spell library contained the following spells:

 Spells                   Type           Power      Damage    Failure   Level
 Ensorcelled Hibernation  Hex/Ice        12%        N/A       30%         2
 Wereblood                Tmut           6%         N/A       30%         2
 Call Canine Familiar     Summ           6%         N/A       52%         3
 Conjure Flame            Conj/Fire      6%         6-21      52%         3
 Gell's Gravitas          Tloc           6%         N/A       52%         3
 Ignite Poison            Fire/Tmut/Pois 6%         N/A       52%         3
 Lesser Beckoning         Tloc           6%         N/A       52%         3
 Spider Form              Tmut/Pois      6%         N/A       52%         3
 Summon Guardian Golem    Hex/Summ       6%         N/A       52%         3
 Anguish                  Hex/Necr       3%         N/A       90%         4
 Sticky Flame             Conj/Fire      6%         2d3       90%         4


Dungeon Overview and Level Annotations

Branches:
Dungeon (9/15)             Temple (1/1) D:4
   Lair: D:8-11         Orc: D:9-12

Altars:
Cheibriados
Dithmenos
Elyvilon
Fedhas
Gozag
Hepliaklqana
Kikubaaqudgha
Makhleb
Nemelex Xobeh
Okawaru
Qazlal
Ru
Sif Muna
Uskayaw
Wu Jian
Xom
Yredelemnul
Zin
The Shining One

Shops:
D:3 *   D:7 *


Innate Abilities, Weirdness & Mutations

Your life essence is reduced to manifest your ancestor. (-10% HP)
You are small and have problems with some larger weapons.
You are completely attuned to the shadows.


Message History

Your +6 trident of holy wrath softly glows with a divine radiance!
g - a +6 trident of holy wrath (weapon)
The orc warrior hits you with a +0 war axe.
You hit the orc warrior.
The orc warrior is moderately wounded.
Gongaga hits the troll with a +0 flail!
The troll bites gongaga!
Gongaga blocks the troll's attack. x2
The orc warrior hits you with a +0 war axe!
Gongaga hits the troll with a +0 flail!
The troll dies!
The steam dragon hisses angrily.
Your Stealth skill increases to level 4!
A vampire comes into view.
The orc warrior hits you but does no damage.
The vampire moves out of view.
You feel very buoyant.
You fly up into the air.
Gongaga blocks the kobold demonologist's attack.
Gongaga hits the two-headed ogre with a +0 flail!
The two-headed ogre hits you with a +0 giant spiked club!
* * * LOW HITPOINT WARNING * * *
The two-headed ogre barely misses you.
The kobold demonologist hits gongaga but does no damage.
The orc warrior completely misses you.
Gongaga hits the kobold demonologist with a +0 flail!
The kobold demonologist gestures wildly while chanting.
The orc warrior barely misses you.
Select a target.
Press: ? - help, Dir - move target, f - two-headed ogre, p - orc warrior
Aim: a two-headed ogre, wielding a +0 giant spiked club and a +0 giant club (lightly wounded)
The floor.
The two-headed ogre swaps with gongaga!
Gongaga hits the orc warrior with a +0 flail.
The steam dragon breathes steam at you. The ball of steam hits you!
* * * LOW HITPOINT WARNING * * *
You hear a shout! x4
You closely miss the steam dragon.
You are engulfed in a cloud of scalding steam.
You die...

####.# .... #. #.#
O######.... #.## #.#
....=##...# #..## #.#
...D.o#)#...# ##..###..
..z..##.....## #........
#._§###......#####..#.....
#zH##o.#D......##..#####.
#.5KOR@###......## ##
......#..## ####.###
..#####..# ###8# # #
#....# #≈# ### ..##.# #©#
#.. ..# ##


You could see the friendly gongaga the knight, a two-headed ogre, a kobold
demonologist, a steam dragon, an orc warrior (ally target) and a crimson imp
(summoned).

Vanquished Creatures
  A two-headed ogre (D:8)
  Sigmund (D:6)
  A steam dragon (D:8)
  A water moccasin (D:7)
  A necrophage (D:4)
  A black bear (D:6)
  A centaur (D:4)
  2 phantoms
  2 bullfrogs (D:7)
  A scorpion (D:6)
  A wight (D:9)
  A howler monkey (D:6)
  An electric eel (D:7)
  2 centaur zombies
  Crazy Yiuf (D:3)
  3 hounds
  2 orc priests
  A centaur skeleton (D:4)
  2 orc wizards
  An iguana (D:6)
  A killer bee zombie (D:7)
  A howler monkey zombie (D:9)
  Robin (D:3)
  4 adders
  6 gnolls
  An ufetubus (D:5)
  3 worms
  3 dart slugs
  6 orcs
  3 ball pythons
  5 endoplasms
  4 giant cockroaches
  7 goblins
  4 hobgoblins
  4 jackals
  3 quokkas
  3 bats
  A frilled lizard (D:1)
  16 kobolds
  3 rats
106 creatures vanquished.

Vanquished Creatures (collateral kills)
  Pikel (D:8)
  Maggie (D:6)
  A troll (D:9)
  A hornet (D:9)
  Grinder (D:6)
  2 water moccasins (D:5)
  A sky beast (D:7)
  An orc warrior (D:7)
  An ice beast (D:5)
  A centaur (D:9)
  3 lemures (D:8)
  2 kobold brigands (D:8)
  2 phantoms
  A bullfrog (D:8)
  A gnoll sergeant (D:7)
  A scorpion (D:5)
  4 killer bees (D:8)
  A bullfrog zombie (D:5)
  2 jellies (D:4)
  An orc priest (D:7)
  2 hounds (D:5)
  A gnoll shaman (D:7)
  3 orc wizards
  A killer bee zombie (D:8)
  A hound skeleton (D:4)
  5 gnolls
  An adder (D:6)
  An adder skeleton (D:4)
  2 dart slugs
  15 orcs
  A ball python (D:4)
  An endoplasm (D:3)
  A giant cockroach (D:3)
  3 goblins (D:3)
  5 hobgoblins
  6 kobolds
  A quokka (D:4)
  A jackal skeleton (D:4)
80 creatures vanquished.

Vanquished Creatures (others)
  3 fungi (D:3)
  3 plants (D:5)
6 creatures vanquished.

Grand Total: 192 creatures vanquished

Notes
Turn   | Place    | Note
-------+----------+-------------------------------------------
     0 | D:1      | hoogis the Kobold Hunter began the quest for the Orb.
     0 | D:1      | Reached XP level 1. HP: 12/12 MP: 1/1
   190 | D:1      | Reached XP level 2. HP: 15/18 MP: 2/2
   364 | D:1      | Reached skill level 6 in Crossbows
   781 | D:1      | Reached XP level 3. HP: 22/22 MP: 3/3
  1872 | D:2      | Reached skill level 1 in Short Blades
  1872 | D:2      | Reached XP level 4. HP: 23/27 MP: 4/4
  1894 | D:2      | Found a faded altar of an unknown god.
  1920 | D:2      | Prayed at the altar of an unknown god.
  1920 | D:2      | Became a worshipper of Hepliaklqana the Forgotten
  1920 | D:2      | Reached * piety under Hepliaklqana
  1983 | D:2      | Learned a level 3 spell: Teleport Other
  2345 | D:2      | Found a hide-covered altar of Uskayaw.
  2453 | D:2      | Reached XP level 5. HP: 27/27 MP: 5/5
  2615 | D:3      | Noticed an ogre
  2729 | D:1      | You fall into a shaft and drop 1 floor!
  2889 | D:2      | Reached skill level 1 in Armour
  2931 | D:3      | Reached skill level 1 in Spellcasting
  2935 | D:3      | Noticed Robin
  2970 | D:3      | Killed Robin
  3029 | D:3      | Learned a level 1 spell: Summon Small Mammal
  3031 | D:3      | Learned a level 1 spell: Beastly Appendage
  3062 | D:3      | Found a burning altar of Makhleb.
  3101 | D:3      | Reached ** piety under Hepliaklqana
  3103 | D:3      | Remembered your ancestor gongaga as a knight
  3253 | D:3      | Found a runed translucent door.
  3256 | D:3      | Noticed Crazy Yiuf
  3270 | D:3      | Killed Crazy Yiuf
  3271 | D:3      | Reached XP level 6. HP: 33/33 MP: 8/8
  3490 | D:3      | Found Riywaosk's General Store.
  3747 | D:4      | Reached skill level 7 in Crossbows
  3758 | D:4      | Found a staircase to the Ecumenical Temple.
  3785 | Temple   | Entered the Ecumenical Temple
  4018 | D:4      | Noticed a necrophage
  4030 | D:4      | Killed a necrophage
  4031 | D:4      | Reached XP level 7. HP: 36/36 MP: 10/10
  4521 | D:5      | Entered Level 5 of the Dungeon
  4550 | D:5      | Found a sparkling altar of Nemelex Xobeh.
  4563 | D:5      | Found a hazy altar of Hepliaklqana.
  4658 | D:5      | Identified the +4 ring mail "Baptuis" {Drain rElec Int+2
                  | Dex+3}
  4723 | D:5      | Noticed a water moccasin
  4743 | D:5      | Killed a water moccasin
  4744 | D:5      | Reached skill level 8 in Crossbows
  4843 | D:5      | Reached XP level 8. HP: 43/43 MP: 12/12
  5183 | D:5      | Reached skill level 9 in Crossbows
  5191 | D:5      | Reached skill level 1 in Polearms
  5262 | D:5      | Reached *** piety under Hepliaklqana
  6054 | D:6      | Noticed Grinder
  6069 | D:6      | Noticed Sigmund
  6090 | D:6      | Killed Grinder
  6091 | D:6      | Reached XP level 9. HP: 47/47 MP: 14/16
  6092 | D:6      | Upgraded the game from 0.29-a0-207-gf982a884d8 to
                  | 0.29-a0-214-g17f627cfee
  6093 | D:6      | Killed Sigmund
  6094 | D:6      | Reached skill level 5 in Fighting
  6094 | D:6      | Reached skill level 10 in Crossbows
  6183 | D:6      | Reached skill level 5 in Spellcasting
  6292 | D:6      | Identified the ring "Wobour" {Will+ Int+3 Dex+6}
  6340 | D:6      | Noticed Maggie
  6364 | D:6      | Killed Maggie
  7111 | D:7      | Found a hide-covered altar of Uskayaw.
  7460 | D:7      | Found Huzikleh's Mass Market.
  7587 | D:7      | Reached XP level 10. HP: 54/54 MP: 18/18
  7719 | D:7      | Identified the +1 ring mail of Omile {rN+ SInv Stlth+}
  7888 | D:8      | Noticed Pikel
  7914 | D:8      | Killed Pikel
  7915 | D:8      | Reached skill level 5 in Armour
  7915 | D:8      | Reached skill level 1 in Invocations
  7983 | D:8      | Noticed a two-headed ogre
  8023 | D:8      | Killed a two-headed ogre
  8806 | D:9      | Found a glowing silver altar of Zin.
  8914 | D:9      | Reached skill level 5 in Dodging
  8962 | D:9      | Found a blossoming altar of Fedhas.
  8962 | D:9      | Noticed a two-headed ogre
  8962 | D:9      | Noticed a manticore
  8982 | D:9      | Noticed a kobold demonologist
  8998 | D:9      | Engulfed by a steam dragon's steam

Illustrated notes

Levels and vault maps discovered:
D:1:      dpeg_arrival_rooms_with_view, layout_basic, nicolae_wormholes
D:2:      layout_rooms, basic_altar, basic_ecumenical_altar
D:3:      layout_rooms, old_standard_altar, serial_shops, shop,
          chequers_serial_rivers_micro_b, uniq_crazy_yiuf_cottage, uniq_robin
D:4:      layout_rooms, minmay_temple_entry_mini_moons
D:5:      layout_basic, mainiacjoe_overflow_big_doors, minivault_23
D:6:      layout_loops_ring, uniq_sigmund, uniq_grinder, uniq_maggie
D:7:      layout_rooms, minmay_shop_mass, kennysheep_flooded_box,
          grunt_ministairs_14
D:8:      layout_rooms, nrook_pool_corridor, uniq_pikel
D:9:      gammafunk_boulding_lane, layout_layer_cave, lemuel_doored_altar,
          zin_statuary, orc_0_dummy, minmay_ruined_shrine
Temple:   eino_wide_crystal_templ

Skill      XL: |  1  2  3  4  5  6  7  8  9 10 |
---------------+-------------------------------+-----
Crossbows      | 6 7 8 9 10 | 10.0
Short Blades   | 1 2 |  2.4
Stealth        | 2 3 4 |  4.0
Dodging        | 3 4 5 |  5.2
Armour         | 1 2 3 4 5 |  5.7
Spellcasting   | 1 2 3 4 5 6 |  6.8
Fighting       | 3 4 5 7 |  7.7
Polearms       | 1 3 |  3.7
Invocations    | 1 |  1.4
Evocations     | |  0.5

Action                   |  1- 3 |  4- 6 |  7- 9 | 10-12 || total
-------------------------+-------+-------+-------+-------++-------
Melee: Short sword       |    60 |    37 |       |       ||    97
       Punch             |     1 |       |       |       ||     1
       Trident           |       |    11 |    40 |    20 ||    71
       Hand crossbow     |       |       |     2 |       ||     2
 Fire: Hand crossbow     |    88 |    70 |   116 |    87 ||   361
Invok: Recall Ancestor   |       |     2 |     1 |       ||     3
       Ancestor Life: Kn |       |     1 |       |       ||     1
       Ancestor Identity |       |     1 |       |       ||     1
       Transference      |       |       |     2 |     2 ||     4
Evoke: Wand              |       |       |       |     3 ||     3
  Use: Scroll            |     3 |     2 |    13 |     5 ||    23
       Potion            |       |     2 |     6 |     2 ||    10
 Stab: Distracted        |       |       |     1 |       ||     1
       Sleeping          |       |       |       |     1 ||     1
Armor: Leather armour    |    31 |    12 |     1 |       ||    44
       Ring mail         |       |       |    28 |    26 ||    54
Dodge: Dodged            |   111 |    73 |    49 |    61 ||   294

Table legend: (Time is in decaauts)
 A = Elapsed time spent in this place.
 B = Non-inter-level travel time spent in this place.
 C = Inter-level travel time spent in this place.
 D = Time resting spent in this place.
 E = Time spent auto-exploring this place.
 F = Levels seen in this place.
 G = Mean time per level.
                   A        B        C        D        E       F      G
               +--------+--------+--------+--------+--------+-----+--------+
         Total |   9066 |   8387 |    679 |    416 |   1954 |  10 |  906.6 |
       Dungeon |   8989 |   8335 |    654 |    416 |   1921 |   9 |  998.8 |
        Temple |     76 |     51 |     25 |      0 |     33 |   1 |   76.0 |
               +--------+--------+--------+--------+--------+-----+--------+

Top non-repeatable levels by time:
     D:1: 1826 daAuts
     D:5: 1340 daAuts
     D:6: 1223 daAuts
     D:2: 1078 daAuts
     D:8: 886 daAuts
     D:3: 860 daAuts
     D:7: 776 daAuts
     D:4: 716 daAuts
     D:9: 281 daAuts
  Temple: 76 daAuts
